 Dungeon Crawl Stone Soup version 0.20.0-15-g7f486f2 (webtiles) character file.

2830 Naow the Thaumaturge (level 9, 0/45 HPs)
             Began as a Deep Elf Earth Elementalist on June 10, 2017.
             Was a Believer of Vehumet.
             Slain by a killer bee (6 damage)
             ... on level 6 of the Dungeon.
             The game lasted 00:17:16 (10144 turns).

Naow the Thaumaturge (Deep Elf Earth Elementalist) Turns: 10144, Time: 00:17:17

Health: 0/45       AC:  3    Str:  5    XL:     9   Next: 45%
Magic:  26/27      EV: 13    Int: 24    God:    Vehumet [**....]
Gold:   319        SH:  0    Dex: 15    Spells: 14/32 levels left

rFire    + + .     SeeInvis .   (no weapon)
rCold    + . .     Gourm    .   (no shield)
rNeg     . . .     Faith    .   h - +0 robe (curse)
rPois    .         Spirit   .   (no helmet)
rElec    .         Reflect  .   O - scarf {rC+ rF+}
rCorr    +         Harm     .   (no gloves)
MR       .....                  Q - +0 pair of boots
Stlth    ++........             (no amulet)
Regen    0.2/turn               a - ring of resist corrosion
MPRegen  0.2/turn               v - ring of protection from fire

@: lethally poisoned (0 -> -11), drained
A: no striking features
a: Renounce Religion


You were on level 6 of the Dungeon.
You worshipped Vehumet.
Vehumet was pleased with you.
You were hungry.

You visited 1 branch of the dungeon, and saw 7 of its levels.

You collected 319 gold pieces.

Inventory:

Missiles
 b - 121 stones (quivered)
Armour
 c - a +0 robe
 h - a cursed +0 robe (worn)
 l - a +0 cloak
 F - a scarf of spirit shield
 O - a scarf of resistance (worn)
 Q - a +0 pair of boots (worn)
Jewellery
 a - a ring of resist corrosion (left hand)
 v - a ring of protection from fire (right hand)
Wands
 y - a wand of random effects (17/48)
 z - a wand of random effects (33/48)
Scrolls
 i - 3 scrolls of amnesia {unknown}
 j - 2 scrolls of teleportation {unknown}
 k - 2 scrolls of noise {unknown}
 m - 2 scrolls of magic mapping {unknown}
 n - 4 scrolls of fog {unknown}
 p - a scroll of random uselessness {unknown}
 q - a scroll of blinking {unknown}
 r - 2 scrolls of fear {unknown}
 s - 6 scrolls of remove curse {unknown}
 t - a scroll of recharging {unknown}
 x - a scroll of immolation {unknown}
 D - a scroll of enchant weapon {unknown}
 H - a scroll of vulnerability {unknown}
 I - 4 scrolls of identify {unknown}
Potions
 f - 2 potions of might {unknown}
 g - 2 potions of invisibility {unknown}
 o - 2 potions of brilliance {unknown}
 u - a potion of degeneration {unknown}
 w - a potion of agility {unknown}
 A - 2 potions of heal wounds
 B - a potion of haste {unknown}
 C - 3 potions of lignification {unknown}
 E - a potion of mutation {unknown}
 G - 3 potions of curing {unknown}
Books
 e - a book of Geomancy

   Spells                             Type                      Level
   a - Sandblast                      Earth                        1
   b - Passwall                       Transmutation/Earth          2
   c - Stone Arrow                    Conjuration/Earth            3
   d - Petrify                        Transmutation/Earth          4
   e - Lee's Rapid Deconstruction     Earth                        5
 L - a Young Poisoner's Handbook

   Spells                             Type                      Level
   a - Sting                          Conjuration/Poison           1
   b - Poisonous Vapours              Poison/Air                   2
   c - Mephitic Cloud                 Conjuration/Poison/Air       3
   d - Olgreb's Toxic Radiance        Poison                       4
   e - Venom Bolt                     Conjuration/Poison           5
 M - a book of Debilitation

   Spells                             Type                      Level
   a - Corona                         Hexes                        1
   b - Slow                           Hexes                        2
   c - Inner Flame                    Hexes/Fire                   3
   d - Portal Projectile              Hexes/Translocation          3
   e - Cause Fear                     Hexes                        4
   f - Leda's Liquefaction            Hexes/Earth                  4
Comestibles
 d - 4 bread rations
 J - a royal jelly
 K - 3 fruits
 P - a meat ration


   Skills:
 - Level 2.7(2.5) Dodging
 - Level 2.5(2.3) Stealth
 + Level 12.0(11.7) Spellcasting
 - Level 1.1(0.9) Transmutations
 + Level 10.6(10.4) Earth Magic


You had 14 spell levels left.
You knew the following spells:

 Your Spells              Type           Power        Failure   Level  Hunger
a - Sandblast             Erth           ######       1%          1    None
b - Stone Arrow           Conj/Erth      #####.       1%          3    None
c - Passwall              Tmut/Erth      #####.....   1%          2    None
d - Petrify               Tmut/Erth      #####...     4%          4    None
e - Lee's Rapid Deconstr  Erth           ######....   1%          5    ###....
f - Mephitic Cloud        Conj/Pois/Air  ##......     13%         3    None


Dungeon Overview and Level Annotations

Branches:
Dungeon (7/15)
 Temple: D:4-7

Altars:
Ashenzari
Sif Muna
Uskayaw
Vehumet
Yredelemnul


Message History

It was a potion of heal wounds.
You feel much better.
You feel sick.
The killer bee misses you. x2; The killer bee stings you!
The killer bee stings you but does no damage.
The killer bee stings you!
You are more poisoned.
The killer bee poisons you! The killer bee stings you.
* * * LOW HITPOINT WARNING * * *
Casting: Passwall
Confirm with . or Enter, or press ? or * to list all spells.
Aiming: Sandblast
Press: ? - help, Shift-Dir - straight line, f - killer bee
Aim: a killer bee The blast of sand hits the killer bee.
The killer bee is severely wounded.
b - 121 stones
* * * LOW HITPOINT WARNING * * *
You feel sick. The killer bee stings you.
* * * LOW HITPOINT WARNING * * *
The killer bee stings you.
You die...

#.......# #..#.# #...# #####...#
#..#.# #...#
#.......#####..#.#### #...#
#...................########...#
#......#.........##...........##
#########.._..#..##############
..............#..#
#########.....#..#
...............y@#
###########....yy#
.................#
..........<......#
..#...#####......# ..#.#.#
#......# ......# #......#
....### #......#
############.#####


You could see 3 killer bees.

Vanquished Creatures
  The ghost of mrks the Slasher, an amateur MiFi of Ru (D:5)
  Prince Ribbit (D:5)
  An orc warrior (D:7)
  A phantom (D:5)
  2 ice beasts (D:5)
  4 ogres
  The ghost of boben the Charlatan, an amateur DsAr (D:3)
  A crocodile (D:7)
  3 bullfrogs
  2 scorpions
  2 jellies (D:5)
  A killer bee (D:6)
  5 wights (D:7)
  3 howler monkeys (D:7)
  3 crimson imps
  A centaur zombie (D:4)
  4 hounds
  6 orc priests
  4 orc wizards
  A bullfrog skeleton (D:5)
  A hound zombie (D:4)
  A howler monkey zombie (D:4)
  2 worker ant zombies (D:4)
  A howler monkey skeleton (D:3)
  3 gnolls
  8 adders
  3 oozes
  2 adder zombies (D:4)
  2 adder skeletons
  4 worms
  A dart slug (D:2)
  2 leopard geckos
  16 orcs
  9 giant cockroaches
  7 goblins
  9 hobgoblins
  3 jackals (D:1)
  4 ball pythons
  9 bats
  9 frilled lizards
  A giant cockroach zombie (D:4)
  10 kobolds
  A leopard gecko zombie (D:4)
  A quokka skeleton (D:4)
  A quokka zombie (D:4)
  11 rats
  A spectral orc (D:5)
169 creatures vanquished.

Notes
Turn   | Place    | Note
-------+----------+-------------------------------------------
     0 | D:1      | Naow the Deep Elf Earth Elementalist began the quest for the Orb.
     0 | D:1      | Reached XP level 1. HP: 10/10 MP: 6/6
   264 | D:1      | Reached XP level 2. HP: 15/15 MP: 6/8
   822 | D:1      | Reached XP level 3. HP: 19/19 MP: 3/10
  1188 | D:1      | Reached skill level 4 in Spellcasting
  1207 | D:1      | Learned a level 3 spell: Stone Arrow
  1860 | D:1      | Reached XP level 4. HP: 14/24 MP: 8/12
  2525 | D:2      | Found a faded altar of an unknown god.
  2703 | D:2      | Reached skill level 5 in Spellcasting
  2987 | D:3      | Noticed boben's ghost (amateur DsAr)
  3161 | D:3      | Learned a level 2 spell: Passwall
  3166 | D:3      | Learned a level 4 spell: Petrify
  3511 | D:3      | Reached XP level 5. HP: 28/28 MP: 0/14
  3716 | D:3      | Reached skill level 5 in Earth Magic
  4310 | D:3      | Killed boben's ghost
  4310 | D:3      | Reached skill level 6 in Spellcasting
  4499 | D:4      | Found a shattered altar of Ashenzari.
  4499 | D:4      | Found a deep blue altar of Sif Muna.
  4500 | D:4      | Found a radiant altar of Vehumet.
  4549 | D:4      | Became a worshipper of Vehumet
  4674 | D:4      | Reached XP level 6. HP: 29/32 MP: 10/17
  5323 | D:4      | Reached skill level 7 in Spellcasting
  6076 | D:5      | Entered Level 5 of the Dungeon
  6099 | D:5      | Reached * piety under Vehumet
  6099 | D:5      | Offered knowledge of Magic Dart by Vehumet.
  6099 | D:5      | Reached XP level 7. HP: 34/36 MP: 10/19
  6110 | D:5      | Noticed mrks's ghost (amateur MiFi)
  6298 | D:5      | Reached skill level 8 in Spellcasting
  6389 | D:5      | Learned a level 5 spell: Lee's Rapid Deconstruction
  6426 | D:5      | Noticed Prince Ribbit
  6434 | D:5      | Killed Prince Ribbit
  6521 | D:5      | Reached skill level 9 in Spellcasting
  6588 | D:5      | Reached XP level 8. HP: 38/41 MP: 0/23
  6909 | D:5      | Killed mrks's ghost
  7126 | D:5      | Reached skill level 10 in Spellcasting
  7281 | D:5      | Found a basalt altar of Yredelemnul.
  7989 | D:6      | Found a hide-covered altar of Uskayaw.
  8170 | D:6      | Learned a level 3 spell: Mephitic Cloud
  8852 | D:6      | Reached skill level 11 in Spellcasting
  8852 | D:6      | Reached XP level 9. HP: 45/45 MP: 24/26
  9256 | D:7      | Reached skill level 10 in Earth Magic
  9302 | D:7      | Reached ** piety under Vehumet
  9302 | D:7      | Offered knowledge of Searing Ray by Vehumet.
  9892 | D:6      | Reached skill level 12 in Spellcasting
 10144 | D:6      | Slain by a killer bee

Skill      XL: |  1  2  3  4  5  6  7  8  9 |
---------------+----------------------------+-----
Spellcasting   | 4 5 6 7 9 11 12 | 12.0
Earth Magic    | 4 5 6 8 9 10 | 10.6
Dodging        | |  2.7
Stealth        | |  2.5
Transmutations | |  1.1

Action                   |  1- 3 |  4- 6 |  7- 9 || total
-------------------------+-------+-------+-------++-------
Melee: Unarmed           |     6 |    10 |     1 ||    17
 Cast: Sandblast         |    42 |    47 |    76 ||   165
       Stone Arrow       |     9 |    70 |    47 ||   126
       Petrify           |       |       |     8 ||     8
       Lee's Rapid Decon |       |       |     6 ||     6
       Passwall          |       |       |     9 ||     9
  Use: Potion            |       |       |     1 ||     1
  Eat: Chunk             |     3 |    16 |     8 ||    27
       Bread ration      |       |       |     1 ||     1
Armor: Robe              |     5 |     6 |    10 ||    21
Dodge: Dodged            |    11 |    35 |    36 ||    82
